[Event "Team 45 45 League T74"]
[Site "Internet Chess Club"]
[Date "2017.10.23"]
[Round "6"]
[White "tasawyer81"]
[Black "GiantsFan"]
[Result "0-1"]
[WhiteElo "1115"]
[BlackElo "1114"]
[Opening "Queen's pawn, Mason variation, Steinitz counter-gambit"]
[ECO "D00"]
[Time "18:22:08"]
[TimeControl "2700+45"]

1. d4 d5 2. Bf4 c5 3. e3 Nf6 4. c3 e6 5. Nd2 Nc6 6. Bd3 c4 7. Bc2 Bd6 8. Bg3
Bxg3 9. hxg3 Bd7 10. Ngf3 Qb6 11. Rb1 O-O-O 12. Ne5 Nxe5 13. dxe5 Ne8 14. b3
cxb3 15. Rxb3 Qc7 16. c4 dxc4 17. Rc3 Qxe5 18. Rxc4+ Kb8 19. Qb1 g6 20. Be4 Nd6
21. f4 Qa5 22. Bxb7 Nxb7 23. Rb4 Qa6 24. Kf2 Ka8 25. Rd1 Rb8 26. Qb2 Nc5 27.
Rxb8+ Rxb8 28. Qd4 Qc6 29. Nc4 Ne4+ 30. Kg1 Nxg3 31. Ne5 Ne2+ 32. Kf2 Nxd4
{White resigns} 0-1

[Event "Team 45 45 League T74"]
[Site "Internet Chess Club"]
[Date "2017.10.23"]
[Round "6"]
[White "RobertBuice"]
[Black "WzeroMN"]
[Result "1/2-1/2"]
[WhiteElo "1068"]
[BlackElo "1166"]
[Opening "QGD: Lasker variation"]
[ECO "D53"]
[Time "18:30:32"]
[TimeControl "2700+45"]

1. d4 Nf6 2. c4 e6 3. Nc3 d5 4. Bg5 Be7 5. e3 Ne4 6. Nf3 Nxc3 7. bxc3 Bxg5 8.
Nxg5 Qxg5 9. h4 Qd8 10. g4 O-O 11. g5 g6 12. h5 Qxg5 13. h6 f5 14. f4 Qg3+ 15.
Ke2 Qg4+ 16. Ke1 Qxd1+ 17. Rxd1 Nd7 18. cxd5 exd5 19. c4 c6 20. cxd5 cxd5 21.
Bg2 Nb6 22. Rc1 Nc4 23. Bxd5+ Kh8 24. Rxc4 Re8 25. Kf2 Be6 26. Bxe6 Rxe6 27. Rc7
Rae8 28. Re1 R6e7 29. Rxe7 Rxe7 30. Rc1 Kg8 31. d5 Rd7 32. Rc5 b6 33. Rc8+ Kf7
34. Rh8 Kf6 35. Rf8+ Rf7 36. Re8 Re7 37. Rf8+ Rf7 38. Re8 Re7 39. Rf8+ Rf7 {Game
drawn by repetition} 1/2-1/2

[Event "Team 45 45 League T74"]
[Site "Internet Chess Club"]
[Date "2017.10.18"]
[Round "6"]
[White "QuieroAprender"]
[Black "UrsaMajor"]
[Result "1-0"]
[WhiteElo "1608"]
[BlackElo "1527"]
[Opening "Queen's gambit accepted"]
[ECO "D20"]
[Time "20:42:02"]
[TimeControl "2700+45"]

1. d4 d5 2. c4 dxc4 3. Nc3 Nf6 4. e4 e5 5. d5 Bd6 6. Bxc4 O-O 7. Nge2 a6 8. Ng3
b5 9. Be2 c6 10. O-O cxd5 11. Nxd5 Bb7 12. Bg5 Bxd5 13. exd5 h6 14. Be3 Nbd7 15.
Nf5 Nb6 16. Nxd6 Qxd6 17. Qb3 Rfd8 18. Bxb6 Qxb6 19. a4 Nxd5 20. axb5 Nc7 21.
Bc4 Rd7 22. Rad1 Re7 23. Qa3 Ree8 24. Rd6 axb5 25. Bxf7+ Kf8 26. Rxb6+ Rxa3 27.
Bxe8 Ra7 {Black resigns} 1-0

[Event "Team 45 45 League T74"]
[Site "Internet Chess Club"]
[Date "2017.10.21"]
[Round "6"]
[White "mongmong"]
[Black "MartyJR"]
[Result "1-0"]
[WhiteElo "1480"]
[BlackElo "1453"]
[Opening "Queen's pawn game"]
[ECO "D02"]
[Time "11:00:30"]
[TimeControl "2700+45"]

1. d4 d5 2. Nf3 c6 3. e3 Bf5 4. Be2 Nf6 5. c4 e6 6. Nc3 Be7 7. O-O h6 8. Bd2 O-O
9. Qb3 Qc7 10. Rac1 Nbd7 11. cxd5 exd5 12. Nxd5 Nxd5 13. Qxd5 Be6 14. Qa5 Qc8
15. a3 Bd8 16. Qc3 Be7 17. Bc4 Bxc4 18. Qxc4 Nf6 19. Qc2 Qe6 20. Qc4 Qd7 21. Bb4
Bxb4 22. Qxb4 Nd5 23. Qc4 Rac8 24. Qa2 Kh8 25. b4 a6 26. Rc2 Qf5 27. Rfc1 Rfe8
28. Qc4 Re7 29. Qf1 Rec7 30. Nd2 Qd7 31. Nf3 Qf5 32. Qe1 Qf6 33. a4 Re7 34. b5
axb5 35. axb5 Nf4 36. Qf1 Nd5 37. bxc6 bxc6 38. Rc5 Rd7 39. Qc4 Nb6 40. Qa6 Nd5
41. Rxc6 Rxc6 42. Rxc6 Qe7 43. Rc1 Ra7 44. Qc4 Nb4 45. h3 Ra3 46. Qc5 Qxc5 47.
dxc5 Nd3 48. Rc2 Ra8 49. c6 Rc8 50. Kf1 Nb4 51. Rc4 Nd5 52. Ke2 Kg8 53. Kd3 Kf8
54. Kd4 Nc7 55. Kc5 Ke7 56. Kb6 Kd8 57. Rd4+ Ke7 58. Rd7+ Ke8 59. Rxc7 Rb8+ 60.
Rb7 Rc8 61. c7 Kd7 62. Ne5+ Kd6 63. Nxf7+ Ke7 64. Rb8 {Black resigns} 1-0

[Event "Team 45 45 League T74"]
[Site "Internet Chess Club"]
[Date "2017.10.21"]
[Round "6"]
[White "guyd52"]
[Black "losscause"]
[Result "1/2-1/2"]
[WhiteElo "1336"]
[BlackElo "1444"]
[Opening "Réti opening"]
[ECO "A05"]
[Time "21:00:49"]
[TimeControl "2700+45"]

1. Nf3 Nf6 2. g3 d5 3. Bg2 Bg4 4. d3 Bxf3 5. Bxf3 e5 6. Nd2 Be7 7. O-O O-O 8. e4
dxe4 9. Nxe4 Nxe4 10. Bxe4 c6 11. Qh5 g6 12. Qxe5 Bf6 13. Qf4 Nd7 14. Qf3 Ne5
15. Qe2 Bg7 16. Bf4 Re8 17. c3 Qb6 18. d4 Nd7 19. Qc2 Nf6 20. Rae1 Rxe4 21. Rxe4
Nxe4 22. Qxe4 Qxb2 23. Rb1 Qxc3 24. Rxb7 Qxd4 {Game drawn by mutual agreement}
1/2-1/2

[Event "Team 45 45 League T74"]
[Site "Internet Chess Club"]
[Date "2017.10.20"]
[Round "6"]
[White "smsxman"]
[Black "Janna"]
[Result "1-0"]
[WhiteElo "1382"]
[BlackElo "1250"]
[Opening "Sicilian: Hungarian variation"]
[ECO "B27"]
[Time "22:29:31"]
[TimeControl "2700+45"]

1. e4 c5 2. Nf3 g6 3. Nc3 Bg7 4. Bc4 Nc6 5. O-O Nf6 6. Re1 O-O 7. e5 Ng4 8. d4
cxd4 9. Nxd4 Ngxe5 10. Nxc6 bxc6 11. Bb3 d5 12. Bf4 Nd7 13. Bg5 Nf6 14. Qe2 Be6
15. Na4 h6 16. Bxf6 Bxf6 17. Rab1 Rc8 18. Nc5 Qb6 19. Nxe6 fxe6 20. Qxe6+ Kg7
21. c3 Bg5 22. Rf1 Rcd8 23. Qe5+ Bf6 24. Qe3 Qxe3 25. fxe3 Bg5 26. Rbe1 Rxf1+
27. Kxf1 Rf8+ 28. Kg1 Rf6 29. Bc2 Re6 30. e4 dxe4 31. Bxe4 c5 32. Kf1 Kf6 33.
Re2 Kg7 34. b3 a5 35. c4 Rf6+ 36. Kg1 Rd6 37. Bd5 Ra6 38. a4 Rb6 39. Rb2 Bf6 40.
Rb1 e6 41. Bf3 e5 42. h3 Re6 43. Be4 h5 44. Kf1 Kh6 45. Ke2 Kg5 46. Kf3 Bg7 47.
g3 h4 48. g4 Rf6+ 49. Kg2 Rf4 50. Re1 Bh6 51. Re2 Rf8 52. Bd5 Kf6 53. Bc6 Bc1
54. Rf2+ Ke7 55. Re2 Ke6 56. Bd5+ Kd6 57. Be4 Rf6 58. Re1 Ba3 59. Rd1+ Ke6 60.
Rd8 Bb4 61. Rg8 Kf7 62. Rh8 g5 63. Rh7+ Ke6 64. Bf5+ Kd6 65. Kf3 Bd2 66. Ke4 Bf4
67. Rd7+ Kc6 68. Ra7 Kb6 69. Ra8 Kb7 70. Rxa5 Kb6 71. Rb5+ Kc6 72. a5 Rf7 73.
Be6 Ra7 74. Bd5+ Kc7 75. Rxc5+ Kd7 76. b4 Kd6 77. Rc6+ Kd7 78. a6 Kd8 79. b5 Ke7
80. Rb6 Kd7 81. Bc6+ Kc7 82. Rb7+ Rxb7 83. Bxb7 Kb8 84. Kf5 Kc7 85. c5 Be3 86.
c6 Kb8 87. Kxe5 Bf4+ 88. Kf5 Bc7 89. Kxg5 Ka7 90. Kxh4 Bd8+ 91. Kh5 Bb6 92. Kg6
Ba5 93. h4 Bd8 94. h5 Kb6 95. h6 Ka7 96. h7 {Black resigns} 1-0

[Event "Team 45 45 League T74 u"]
[Site "Internet Chess Club"]
[Date "2017.10.27"]
[Round "6"]
[White "Skeptic1972"]
[Black "bmw2002"]
[Result "1-0"]
[WhiteElo "1526"]
[BlackElo "1457"]
[Opening "Caro-Kann: classical variation"]
[ECO "B18"]
[Time "16:04:31"]
[TimeControl "2700+45"]

1. e4 c6 2. d4 d5 3. Nc3 dxe4 4. Nxe4 Bf5 5. Ng3 Bg6 6. Nf3 Nd7 7. Bd3 Bxd3 8.
Qxd3 Ngf6 9. O-O e6 10. Bd2 Be7 11. Rad1 O-O 12. Rfe1 Qb6 13. Nf5 Rfe8 14. Nxe7+
Rxe7 15. b3 Rd8 16. Qe3 Rde8 17. Qg5 h6 18. Qg3 Kh7 19. Bc3 Nd5 20. Bb2 Qa5 21.
c4 N5f6 22. a4 Qb4 23. d5 exd5 24. Rxe7 Rxe7 25. cxd5 Qxb3 26. Ng5+ {Black
resigns} 1-0

[Event "Team 45 45 League T74"]
[Site "Internet Chess Club"]
[Date "2017.10.22"]
[Round "6"]
[White "chuckh2"]
[Black "Gilguli"]
[Result "0-1"]
[WhiteElo "1381"]
[BlackElo "1301"]
[Opening "Queen's pawn, Mason variation"]
[ECO "D00"]
[Time "14:38:06"]
[TimeControl "2700+45"]

1. d4 d5 2. Bf4 Nc6 3. e3 Nf6 4. Bd3 Bg4 5. f3 Bh5 6. Nc3 e6 7. Nge2 Nb4 8. Bb5+
c6 9. Ba4 a5 10. a3 b5 11. axb4 axb4 12. Nxb5 cxb5 13. Bxb5+ Nd7 14. Bxd7+ Kxd7
15. Rxa8 Qxa8 16. O-O Qa2 17. Qa1 Qxa1 18. Rxa1 Bg6 19. c3 b3 20. Ra8 Bc2 21.
Rb8 g6 22. Bh6 Ke7 23. Bg5+ f6 24. Rb7+ Kd6 25. Bxf6 Rg8 26. Be5+ Kc6 27. Rxh7
Kb5 28. Rb7+ Kc4 29. Ra7 Kd3 30. Kf2 Bh6 31. f4 g5 32. g3 Bd1 33. Ng1 Kc2 34.
Ra1 Bg4 35. h3 Kxb2 36. Re1 Bf5 37. Nf3 Kxc3 38. Rc1+ Bc2 39. Ra1 Rc8 40. Ke2
Kb2 41. Ra5 gxf4 42. exf4 Bf8 43. Rb5 Kc1 44. Nd2 Rc3 45. g4 Bd3+ 46. Ke1 Bxb5
{White resigns} 0-1

[Event "Team 45 45 League T74"]
[Site "Internet Chess Club"]
[Date "2017.10.22"]
[Round "6"]
[White "tamky70"]
[Black "arthchan2003"]
[Result "1-0"]
[WhiteElo "1297"]
[BlackElo "1338"]
[Opening "Mieses opening"]
[ECO "A00"]
[Time "14:00:35"]
[TimeControl "2700+45"]

1. d3 e5 2. Nf3 Nc6 3. e4 Nf6 4. Bg5 Be7 5. Nc3 O-O 6. Be2 d6 7. Bxf6 Bxf6 8.
Nd5 Be6 9. Nxf6+ Qxf6 10. O-O Rad8 11. c4 Bg4 12. Nd2 Bxe2 13. Qxe2 Nd4 14. Qd1
Rfe8 15. Nb3 Nc6 16. a3 b6 17. Nc1 Ne7 18. Ne2 c6 19. Ng3 d5 20. cxd5 cxd5 21.
Rc1 d4 22. Qd2 Rc8 23. Rxc8 Rxc8 24. Rc1 Qe6 25. h3 f5 26. Rxc8+ Qxc8 27. f3
fxe4 28. fxe4 g6 29. Qg5 Qe6 30. Qd2 Qc8 31. Kh2 Kf8 32. Ne2 Qa6 33. Qc2 Qb7 34.
Nc1 Nc6 35. Qd2 Ke7 36. Qg5+ Kd6 37. Nb3 Qe7 38. Qd2 Kc7 39. Nc1 a5 40. Ne2 Kd8
41. Qc2 Qd6 42. Ng3 b5 43. Nf1 b4 44. Nd2 Kd7 45. Nc4 Qf6 46. g3 bxa3 47. bxa3
Ke6 48. Kg2 h5 49. Qa4 Kd7 50. Nb6+ Kc7 51. Nd5+ {Black resigns} 1-0

[Event "Team 45 45 League T74"]
[Site "Internet Chess Club"]
[Date "2017.10.21"]
[Round "6"]
[White "WzeroMN"]
[Black "Toalla"]
[Result "0-1"]
[WhiteElo "1171"]
[BlackElo "1224"]
[Opening "Sicilian defense"]
[ECO "B41"]
[Time "17:03:11"]
[TimeControl "2700+45"]

1. e4 c5 2. Nf3 e6 3. d4 cxd4 4. Qxd4 Nc6 5. Qd1 Bc5 6. Be3 Bxe3 7. fxe3 Qb6 8.
Qc1 Nf6 9. Nc3 d6 10. b3 Bd7 11. Be2 Rc8 12. O-O O-O 13. Rd1 Ne5 14. Nxe5 Rxc3
15. Rd3 Rxd3 16. Nxd3 Nxe4 17. Bf3 Ng5 18. Kh1 Bc6 19. Bxc6 bxc6 20. Qd2 Ne4 21.
Qe1 f6 22. Nf2 Ng5 23. c4 c5 24. Qd2 Rd8 25. Rd1 Qc6 26. Qa5 Rd7 27. Qb5 Qc7 28.
Qa4 Nf7 29. b4 cxb4 30. Qxb4 Ne5 {White forfeits on time} 0-1